Match 46110512
Unlisted

Match 46110512
End
Engineer Squad
Construct Weapon Support Center
Construct Weapon Support Center
M1919 Machine Gun Team
M1919 Machine Gun Team
Infantry Support Center
Bazooka Squad
M3 Armored Personnel Carrier
Selects Airborne Battlegroup
Selects Pathfinders
Selects Paratrooper Squad Paradrop
Paratrooper Squad Paradrop
Construct Medical Station
M1919 Machine Gun Team
Advanced Logistics
Selects Anti-tank Gun Team Paradrop
Anti-tank Gun Team Paradrop
Selects Recon Loiter
Recon Loiter
Construct Tank Depot
Selects Supply Drop
Paratrooper Squad Paradrop
M4(105) Sherman Bulldozer
M4A1 Sherman Medium Tank
Selects Dual P-47 Rocket Strike
Dual P-47 Rocket Strike
M4A1 Sherman Medium Tank
Jesulin
oziligath
0
0

Comments sign in to comment!

No comments posted yet!